 Dungeon Crawl Stone Soup version 0.29.0-4-gdea44cf6ec (webtiles) character file.

Game seed: 18100887393813076746

267 qw the Chopper (level 6, 0/35 HPs)
             Began as a Tengu Warper on Aug 28, 2022.
             Slain by Edmund
             ... wielding a +1 vorpal dire flail
              (12 damage)
             ... on level 4 of the Dungeon.
             The game lasted 00:00:18 (3429 turns).

qw the Chopper (Tengu Warper)                       Turns: 3429, Time: 00:00:19

Health: 0/35       AC:  7    Str: 14    XL:     6   Next: 21%
Magic:  10/10      EV: 13    Int: 13    God:
Gold:   77         SH:  0    Dex: 13    Spells: 9/9 levels left

rFire   . . .      SeeInvis .   Y - +4 hand axe
rCold   . . .      Faith    .   (no shield)
rNeg    . . .      Spirit   .   h - +0 ring mail
rPois   .          Reflect  .   (helmet restricted)
rElec   .          Harm     .   (no cloak)
rCorr   .          Rampage  .   e - +1 pair of gloves
Will    .....                   (boots unavailable)
Stlth   +.........              (no amulet)
HPRegen 0.11/turn               (no ring)
MPRegen 0.12/turn               (no ring)

@: flying quickly and evasively, quick
A: beak, talons 3, nimble flight
a: no special abilities


You were on level 4 of the Dungeon.
You visited 1 branch of the dungeon, and saw 4 of its levels.
You also visited: Sewer.

You collected 77 gold pieces.


Innate Abilities, Weirdness & Mutations

You have a beak for a mouth.
You have claws for feet.
Your magical nature lets you fly swiftly and evasively.


   Skills:
 + Level 2.0 Fighting
 - Level 7.0 Axes
 - Level 1.0 Throwing
 - Level 1.1 Armour
 - Level 2.1 Dodging
 - Level 2.0 Spellcasting
 - Level 2.4 Translocations


You had 9 spell levels left.
You didn't know any spells.
Your spell library contained the following spells:

 Spells                   Type           Power      Damage    Failure   Level
 Blink                    Tloc           14%        N/A       30%         2
 Gell's Gravitas          Tloc           7%         N/A       52%         3
 Lesser Beckoning         Tloc           7%         N/A       52%         3
 Teleport Other           Tloc           7%         N/A       52%         3
 Manifold Assault         Tloc           7%         N/A       99%         5

Inventory:

Hand Weapons
 k - a +0 flail
 Y - a +4 hand axe (weapon)
Armour
 b - a +0 chain mail
 e - a +1 pair of gloves (worn)
 h - a +0 ring mail (worn)
Scrolls
 c - a scroll of identify
Potions
 a - a potion of curing
 i - a potion of flight {unknown}
 j - 2 potions of heal wounds
 l - a potion of might {unknown}

Dungeon Overview and Level Annotations

Branches:
Dungeon (4/15)              Sewer (visited)
 Temple: D:4-7

Altars:
The Shining One

Annotations:
D:3 1 runed translucent door, qw's ghost, amateur TeWr
D:4 Edmund


Message History

Throw: javelin
Press: ? - help, Q - select action Shift-Dir - straight line, f - ball python You throw a javelin.
The javelin pierces through the ball python!
You kill the ball python!
g - a javelin
Found a club.
b - a +0 chain mail A hobgoblin comes into view.
The hobgoblin shouts!
You hear an angry hiss.
You hear a shout!
Throw: javelin
Press: ? - help, Q - select action Shift-Dir - straight line, f - hobgoblin You throw a javelin.
The javelin barely misses the hobgoblin.
An adder comes into view.
You slash the hobgoblin!
You kill the hobgoblin!
Edmund the Younger comes into view.
He is wielding a +1 vorpal dire flail and wearing a +1 chain mail of fire resistance.
You hit the adder. Your kick misses the adder.
The adder is heavily wounded.
The adder closely misses you.
You hit the adder. Your kick misses the adder. You peck the adder.
The adder is almost dead.
The adder bites you but does no damage.
You hit the adder.
You kill the adder!
Your Axes skill increases to level 7!
You slash Edmund! You peck Edmund.
Edmund is moderately wounded.
Edmund hits you with a +1 vorpal dire flail!
You hit Edmund.
Edmund is moderately wounded.
Edmund barely misses you.
You hit Edmund. Your kick misses Edmund. Your peck misses Edmund.
Edmund is moderately wounded.
Edmund hits you with a +1 vorpal dire flail!
You hit Edmund.
Edmund is heavily wounded.
Edmund hits you with a +1 vorpal dire flail!
You die...

#.....~~~~~..........
#..?..#~..#..........
#....................
#......!.............
#....................
#...............
#...............
#...............
#...@...%.......
#...%@...(......
#..............
#........)....
#.......$....
#............
...........$.
(...######.#.#


You could see Edmund.

Vanquished Creatures
  Pargi (Sewer)
  2 iguanas (D:4)
  5 adders
  A worm (D:2)
  A dart slug (D:1)
  An orc (D:3)
  9 ball pythons
  8 endoplasms
  4 giant cockroaches
  7 goblins
  5 hobgoblins
  7 jackals
  5 kobolds
  A quokka (D:3)
  5 bats
  2 frilled lizards (D:1)
  9 rats
73 creatures vanquished.

Notes
Turn   | Place    | Note
-------+----------+-------------------------------------------
     0 | D:1      | qw the Tengu Warper began the quest for the Orb.
     0 | D:1      | Reached XP level 1. HP: 12/12 MP: 4/4
     0 | D:1      | 0 ||| qw: Version: 0.1-a-89-g26bdef1
     0 | D:1      | 0 ||| qw: Game counter: 1039
     0 | D:1      | 0 ||| qw: Always use a shield: true
     0 | D:1      | 0 ||| qw: God list: Okawaru
     0 | D:1      | 0 ||| qw: Allow faded altars: false
     0 | D:1      | 0 ||| qw: Do Orc after D:15 true
     0 | D:1      | 0 ||| qw: Do second Lair branch before Depths: true
     0 | D:1      | 0 ||| qw: Lair rune preference: random
     0 | D:1      | 0 ||| qw: Plans: Normal
     0 | D:1      | 0 ||| PLANNING D:1-11
   297 | D:1      | Reached skill level 3 in Axes
   297 | D:1      | Reached XP level 2. HP: 17/17 MP: 6/6
   525 | D:1      | 525 ||| Stepping ~*~*~tactically~*~*~ (stealth).
   825 | D:1      | Reached XP level 3. HP: 21/21 MP: 7/7
   992 | D:1      | 992 ||| UPGRADING to +0 ring mail.
  1002 | D:1      | 1002 ||| DROPPING +0 leather armour.
  1003 | D:1      | 1003 ||| READING scroll labelled CUFFIG NO QAUNN.
  1004 | D:1      | 1004 ||| READING scroll labelled PAVUIF PUSE.
  1005 | D:1      | 1005 ||| READING scroll labelled QIPUOV RYSK.
  1129 | D:1      | 1129 ||| DROPPING scroll of blinking.
  1179 | D:2      | 1179 ||| STAIRDANCE
  1230 | D:2      | Reached skill level 4 in Axes
  1707 | D:2      | Reached XP level 4. HP: 26/26 MP: 8/8
  1839 | D:2      | 1839 ||| DROPPING +0 whip.
  2039 | D:2      | 2039 ||| UPGRADING to +0 pair of gloves.
  2049 | D:2      | 2049 ||| READING scroll labelled DOQYNE HUNEO.
  2050 | D:2      | 2050 ||| READING 2 scrolls labelled IVVEAG CEAFO.
  2051 | D:2      | 2051 ||| READING scroll labelled ATOR PYMUM.
  2052 | D:2      | 2052 ||| READING scroll labelled UDASABBYTERI.
  2053 | D:2      | 2053 ||| DRINKING 2 blue potions.
  2054 | D:2      | 2054 ||| DROPPING scroll of poison.
  2055 | D:2      | 2055 ||| Stepping randomly (stuck).
  2056 | D:2      | 2056 ||| Stepping ~*~*~tactically~*~*~ (cloud).
  2324 | D:3      | 2324 ||| STAIRDANCE
  2355 | D:2      | 2355 ||| Stepping ~*~*~tactically~*~*~ (stealth).
  2357 | D:2      | 2357 ||| Stepping ~*~*~tactically~*~*~ (stealth).
  2537 | D:3      | Found a glowing golden altar of the Shining One.
  2611 | D:3      | Reached skill level 5 in Axes
  2718 | D:3      | Found a runed translucent door.
  2718 | D:3      | Noticed qw's ghost (amateur TeWr)
  2910 | D:3      | 2910 ||| READING 2 scrolls labelled ROWNEA RIHIRRI.
  2911 | D:3      | 2911 ||| READING scroll of enchant armour.
  2911 | D:3      | 2911 ||| ENCHANTING +0 pair of gloves.
  2912 | D:3      | 2912 ||| READING scroll labelled FOILAEK ZIONIU.
  2913 | D:3      | 2913 ||| READING scroll labelled QUD MENASI.
  2968 | D:4      | 2968 ||| PLANNING SEWER
  2988 | D:4      | Found a glowing drain.
  2989 | D:4      | 2989 ||| READING scroll labelled XUMEIR LOTHU.
  2990 | D:4      | 2990 ||| DRINKING 2 grey potions.
  2991 | D:4      | 2991 ||| DRINKING 3 clear potions.
  2992 | D:4      | 2992 ||| DROPPING potion of brilliance.
  3010 | D:4      | Gained mutation: Your magical nature lets you fly swiftly
                  | and evasively. [Tengu growth]
  3010 | D:4      | Reached XP level 5. HP: 18/30 MP: 9/9
  3144 | D:4      | Reached skill level 6 in Axes
  3149 | Sewer    | Entered a sewer
  3155 | Sewer    | 3155 ||| Stepping ~*~*~tactically~*~*~ (stealth).
  3157 | Sewer    | 3157 ||| Stepping ~*~*~tactically~*~*~ (stealth).
  3192 | Sewer    | Noticed Pargi
  3216 | Sewer    | Killed Pargi
  3217 | Sewer    | Reached XP level 6. HP: 23/35 MP: 10/10
  3372 | Sewer    | 3372 ||| READING 3 scrolls of enchant weapon.
  3372 | Sewer    | 3372 ||| ENCHANTING +1 hand axe.
  3373 | Sewer    | 3373 ||| READING 2 scrolls of enchant weapon.
  3373 | Sewer    | 3373 ||| ENCHANTING +2 hand axe.
  3374 | Sewer    | 3374 ||| READING scroll of enchant weapon.
  3374 | Sewer    | 3374 ||| ENCHANTING +3 hand axe.
  3375 | Sewer    | 3375 ||| READING scroll labelled TOBBETT VUSIN.
  3376 | Sewer    | 3376 ||| READING scroll labelled UNGEYM WIZUEKY.
  3377 | Sewer    | 3377 ||| READING 2 scrolls of identify.
  3377 | Sewer    | 3377 ||| IDENTIFYING amethyst potion
  3378 | Sewer    | 3378 ||| DROPPING potion of invisibility.
  3394 | D:4      | 3394 ||| PLANNING D:1-11
  3419 | D:4      | Noticed Edmund
  3423 | D:4      | Reached skill level 7 in Axes
  3429 | D:4      | Slain by Edmund

Levels and vault maps discovered:
D:1:      dpeg_arrival_prison, layout_basic, st_stairs_10
D:2:      layout_loops_ring
D:3:      layout_rooms, lemuel_doored_altar, gammafunk_ghost_grave
D:4:      layout_basic, cheibrodos_sewer_entry_drain, serial_park_tiny_1,
          uniq_edmund

Skill      XL: |  1  2  3  4  5  6 |
---------------+-------------------+-----
Axes           | 3 4 5 6 7 |  7.0
Fighting       | |  2.0
Throwing       | |  1.0
Armour         | |  1.1
Dodging        | |  2.1
Spellcasting   | |  2.0
Translocations | |  2.4

Action                   |  1- 3 |  4- 6 || total
-------------------------+-------+-------++-------
Melee: Hand axe          |    64 |    82 ||   146
       Kick              |    12 |    14 ||    26
       Peck              |     6 |    11 ||    17
       Punch             |       |     1 ||     1
Throw: Boomerang         |     7 |       ||     7
       Javelin           |       |    17 ||    17
  Use: Scroll            |     3 |    15 ||    18
       Potion            |       |     3 ||     3
Armor: Leather armour    |    15 |       ||    15
       Ring mail         |     5 |    24 ||    29
Dodge: Dodged            |    26 |    65 ||    91

Table legend:
 A = Non-vault XP
 B = Vault XP
 C = Vault XP percentage of total XP
 D = Non-vault monster count
 E = Vault monster count
 F = Vault count percentage of total count
                 A         B        C        D         E       F
            +---------+---------+-------+---------+---------+-------
      Total |     229 |     153 |  40.1 |      58 |      15 |  20.5
            +---------+---------+-------+---------+---------+-------
        D:1 |      31 |      11 |  26.2 |      18 |       6 |  25.0
        D:2 |      49 |       0 |   0.0 |      14 |       0 |   0.0
        D:3 |      61 |       0 |   0.0 |      21 |       0 |   0.0
        D:4 |      88 |       6 |   6.4 |       5 |       4 |  44.4
      Sewer |       0 |     136 | 100.0 |       0 |       5 | 100.0
            +---------+---------+-------+---------+---------+-------
